 Dungeon Crawl Stone Soup version 0.26.1-11-gd32895ea62 (webtiles) character file.

Game seed: 1052958688942500143

6891 dtburroughs the Cleaver (level 10, -12/93 HPs)
             Began as a Minotaur Berserker on May 11, 2021.
             Was a High Priest of Trog.
             Mangled by a skeletal warrior
             ... wielding a +0 dire flail
              (16 damage)
             ... on level 9 of the Dungeon on May 12, 2021.
             The game lasted 00:28:08 (11057 turns).

dtburroughs the Cleaver (Minotaur Berserker)       Turns: 11057, Time: 00:28:08

Health: -12/93     AC: 21    Str: 21    XL:     10   Next: 79%
Magic:  9/9        EV: 10    Int:  7    God:    Trog [*****.]
Gold:   617        SH:  0    Dex: 11    Spells: 9/9 levels left

rFire    . . .     SeeInvis .   a - +5 dire flail (drain)
rCold    . . .     Faith    +   (shield currently unavailable)
rNeg     . . .     Spirit   .   v - +0 plate armour
rPois    .         Reflect  .   (helmet restricted)
rElec    .         Harm     .   g - +0 cloak
rCorr    .         Rampage  .   I - +0 pair of gloves
Will     +++..                  (no boots)
Stlth    ..........             w - amulet of faith
HPRegen  1.25/turn              c - +4 ring of protection
MPRegen  0.11/turn              J - ring of willpower

@: regenerating, slowed, very slow
A: retaliatory headbutt, horns 2
a: Renounce Religion, Berserk, Trog's Hand, Brothers in Arms


You were on level 9 of the Dungeon.
You worshipped Trog.
Trog was extremely pleased with you.
You visited 1 branch of the dungeon, and saw 9 of its levels.
You also visited: Ossuary.

You collected 617 gold pieces.

Inventory:

Hand Weapons
 a - a +5 dire flail of draining (weapon)
 i - a +0 war axe
 D - a +2 morningstar
 E - the +1 flail "Beastbane" {protect, rF++}
   (You took it off a wight on level 6 of the Dungeon)

   It grants its wielder temporary protection when it strikes (+7 to AC).
   It greatly protects you from fire.
 F - a +4 hand axe
 N - a +2 hand axe of flaming
 O - a +0 broad axe
 Q - a +0 battleaxe
Armour
 g - a +0 cloak (worn)
 v - a +0 plate armour (worn)
 I - a +0 pair of gloves (worn)
Jewellery
 c - a +4 ring of protection (left hand)
 r - an uncursed ring of positive energy
 u - the amulet "Daotet" {RegenMP rF++ Str-3}
   (You found it on level 4 of the Dungeon)

   [amulet of magic regeneration]

   It increases your magic regeneration.
   It affects your strength (-3).
   It greatly protects you from fire.
 w - an amulet of faith (around neck)
 y - an uncursed amulet of reflection {unknown}
 C - a +4 ring of protection
 J - a ring of willpower (right hand)
 R - a cursed ring of attention {unknown}
Wands
 l - a wand of digging (6)
 A - a wand of flame (9)
 P - a wand of iceblast (9)
 S - a wand of paralysis (6)
Scrolls
 d - 2 scrolls of remove curse
 e - 17 scrolls of identify
 m - 2 scrolls of fear {unknown}
 o - 4 scrolls of teleportation {unknown}
 p - 4 scrolls of enchant weapon {unknown}
 s - 3 scrolls of fog {unknown}
 t - a scroll of enchant armour {unknown}
 B - a scroll of immolation {unknown}
 G - a scroll of magic mapping {unknown}
 M - a scroll of random uselessness {unknown}
Potions
 b - a potion of degeneration {unknown}
 f - 3 potions of attraction {unknown}
 h - a potion of might {unknown}
 j - 5 potions of lignification {unknown}
 k - a potion of mutation {unknown}
 n - 2 potions of curing
 q - a potion of magic {unknown}
 x - 4 potions of berserk rage {unknown}
 z - a potion of flight {unknown}
 H - 2 potions of brilliance {unknown}
 K - a potion of invisibility {unknown}
 L - 2 potions of heal wounds {unknown}
 T - a potion of cancellation {unknown}


   Skills:
 + Level 10.0 Fighting
 + Level 10.0 Axes
 + Level 9.6 Armour
 + Level 8.8 Dodging
 + Level 5.3 Evocations


You had 9 spell levels left.
You didn't know any spells.
Your spell library was empty.

Dungeon Overview and Level Annotations

Branches:
Dungeon (9/15)             Temple (0/1) D:6         Ossuary (visited)
   Lair: D:8-11         Orc: D:9-12

Altars:
Ashenzari
Fedhas
Hepliaklqana
Kikubaaqudgha
Okawaru
Trog
Wu Jian
Yredelemnul
The Shining One

Shops:
D:5 *   D:7 (*


Innate Abilities, Weirdness & Mutations

You reflexively headbutt those who attack you in melee.
You have a pair of horns on your head.


Message History

The wraith drains your vigour!
You feel yourself slow down.
The skeletal warrior hits you with a +0 dire flail!!
* * * LOW HITPOINT WARNING * * *
You feel better. The wraith barely misses you.
The skeletal warrior hits you with a +0 dire flail!
* * * LOW HITPOINT WARNING * * *
The wraith hits you but does no damage.
Okay, then.
Your ogre goes berserk!
The skeletal warrior hits you with a +0 dire flail!
* * * LOW HITPOINT WARNING * * *
The wraith closely misses you. You furiously retaliate!
You headbutt the wraith. You barely miss the wraith.
The wraith is lightly damaged.
The skeletal warrior hits you with a +0 dire flail.
* * * LOW HITPOINT WARNING * * *
Your ogre barely misses the wraith.
The wraith barely misses you.
The skeletal warrior hits you with a +0 dire flail!
You die...

#.####..####.#
#.........
#..'((....'..#
#.........
#.####..####.#
#.........
#...#....#...#
#######.........
#.)#.#.z#.#..#
#..........#####
###.##..##.###
#.........##
####..######
#.........# ###
#.......#####.........#
#..
#......())z@W..(......#
#.#
#############O........#
#.# #.........####.#
#...............
#W........####.#
#.........#.†..#
#...........#..#
#..............#
##########......


You could see a skeletal warrior, a wraith and a friendly ogre (summoned,
berserk).

Vanquished Creatures
  Harold (D:8)
  A two-headed ogre (D:8)
  Maggie (D:6)
  4 flying skulls (D:9)
  A shadow (D:9)
  2 wraiths (D:9)
  Menkaure (D:5)
  Edmund (D:5)
  2 sky beasts
  A water moccasin (D:8)
  An ice beast (D:8)
  A phantom (D:7)
  4 ogres
  4 centaurs
  2 elf zombies (Ossuary)
  Blork the orc (D:5)
  7 bullfrogs
  A water moccasin skeleton (D:6)
  9 wights
  4 killer bees (D:7)
  A howler monkey (D:6)
  5 electric eels (D:6)
  2 centaur zombies
  3 bullfrog zombies
  A gnoll shaman (D:9)
  A hound (D:5)
  3 orc wizards
  3 human zombies (Ossuary)
  An orc priest (D:4)
  2 centaur skeletons
  A bullfrog skeleton (D:9)
  4 worker ants
  Natasha (thrice) (D:4)
  An iguana (D:8)
  2 big kobold zombies (Ossuary)
  2 hound zombies
  A hound skeleton (D:9)
  4 mummies (Ossuary)
  17 adders
  10 gnolls
  A shadow imp (D:7)
  2 white imps
  2 ufetubi (D:6)
  An ooze (D:3)
  An adder zombie (D:9)
  3 adder skeletons
  6 worms
  2 dart slugs
  2 leopard geckos
  16 orcs
  2 ball pythons
  5 giant cockroaches
  A gnoll zombie (Ossuary)
  11 goblins
  13 hobgoblins
  5 jackals
  12 kobolds
  3 quokkas
  7 bats
  4 frilled lizards
  A goblin zombie (Ossuary)
  A jackal zombie (Ossuary)
  A leopard gecko skeleton (D:6)
  A leopard gecko zombie (D:6)
  An orc zombie (Ossuary)
  A quokka skeleton (D:9)
  7 rats
228 creatures vanquished.

Vanquished Creatures (collateral kills)
  Sigmund (D:5)
  A bullfrog skeleton (D:5)
  A worker ant (D:8)
3 creatures vanquished.

Vanquished Creatures (others)
  19 plants (D:6)
19 creatures vanquished.

Grand Total: 250 creatures vanquished

Notes
Turn   | Place    | Note
-------+----------+-------------------------------------------
     0 | D:1      | dtburroughs the Minotaur Berserker began the quest for the
                  | Orb.
     0 | D:1      | Reached XP level 1. HP: 19/19 MP: 0/0
   241 | D:1      | Reached XP level 2. HP: 27/27 MP: 1/1
   991 | D:2      | Reached XP level 3. HP: 27/33 MP: 2/2
  1059 | D:2      | You fall into a shaft and drop 2 floors!
  1063 | D:4      | Noticed Natasha
  1066 | D:4      | Killed Natasha
  1085 | D:4      | Reached ** piety under Trog
  1086 | D:4      | Reached XP level 4. HP: 41/41 MP: 3/3
  1093 | D:4      | Noticed an ogre
  1093 | D:4      | Noticed Natasha
  1115 | D:2      | Found a broken altar of Ashenzari.
  1782 | D:2      | Found an ancient bone altar of Kikubaaqudgha.
  1788 | D:2      | Found a basalt altar of Yredelemnul.
  1794 | D:2      | Found a glowing golden altar of the Shining One.
  2103 | D:3      | Reached XP level 5. HP: 47/47 MP: 4/4
  2527 | D:3      | Reached skill level 5 in Fighting
  2659 | D:3      | Reached skill level 5 in Axes
  2867 | D:3      | Reached *** piety under Trog
  3306 | D:3      | Reached XP level 6. HP: 55/56 MP: 5/5
  3710 | D:4      | Killed Natasha
  3736 | D:4      | Got a flickering sapphire amulet
  4070 | D:4      | Noticed Natasha
  4087 | D:4      | Killed Natasha
  4087 | D:4      | Reached **** piety under Trog
  4088 | D:4      | Reached XP level 7. HP: 40/62 MP: 6/6
  4091 | D:4      | Reached skill level 5 in Armour
  4666 | D:5      | Entered Level 5 of the Dungeon
  4666 | D:5      | Found Zaekki's Assorted Antiques.
  4666 | D:5      | Noticed Menkaure
  4671 | D:5      | Noticed Sigmund
  4674 | D:5      | Killed Menkaure
  4675 | D:5      | Reached skill level 5 in Dodging
  4681 | D:5      | Killed Sigmund
  5138 | D:5      | Noticed Blork the orc
  5146 | D:5      | Killed Blork the orc
  5212 | D:5      | Noticed Edmund
  5233 | D:5      | Killed Edmund
  5234 | D:5      | Reached XP level 8. HP: 65/70 MP: 7/7
  5244 | D:5      | Identified the amulet "Daotet" {RegenMP rF++ Str-3} (You
                  | found it on level 4 of the Dungeon)
  5557 | D:5      | Found an iron altar of Okawaru.
  5804 | D:6      | Reached skill level 1 in Evocations
  6408 | D:6      | Identified the cursed +1 flail "Beastbane" {protect, rF++}
  6815 | D:6      | Noticed Maggie
  6840 | D:6      | Killed Maggie
  6841 | D:6      | Reached XP level 9. HP: 52/80 MP: 8/8
  7158 | D:6      | Found an ornate altar of the Wu Jian Council.
  7551 | D:6      | Found a staircase to the Ecumenical Temple.
  8059 | D:7      | Found Faygeh's General Store.
  8213 | D:7      | Found a sand-covered staircase.
  8219 | Ossuary  | Entered an ossuary
  8742 | D:7      | Reached ***** piety under Trog
  8780 | D:7      | Found a blossoming altar of Fedhas.
  8783 | D:7      | Found a hazy altar of Hepliaklqana.
  8784 | D:7      | Found a bloodstained altar of Trog.
  9299 | D:7      | Found Dewum's Weapon Emporium.
  9955 | D:8      | Noticed a two-headed ogre
  9968 | D:8      | Killed a two-headed ogre
  9969 | D:8      | Reached XP level 10. HP: 84/91 MP: 9/9
 10014 | D:8      | Noticed Harold
 10030 | D:8      | Killed Harold
 10310 | D:9      | Received a gift from Trog
 10698 | D:9      | Reached skill level 5 in Evocations
 10979 | D:9      | Reached skill level 10 in Axes
 11019 | D:9      | Reached skill level 10 in Fighting
 11020 | D:9      | Noticed a skeletal warrior
 11054 | D:9      | HP: 3/93 [skeletal warrior/+0 dire flail (20)]
 11057 | D:9      | Mangled by a skeletal warrior

Illustrated notes

Levels and vault maps discovered:
D:1:      ncdulo_smallfort, layout_loops_cross
D:2:      layout_loops_ring, minmay_overflow_temple_star_quad, st_stairs_6,
          roderic_roman_lattice, kennysheep_pointless_box, ashenzari_altar_1
D:3:      kennysheep_six_static_rooms, layout_basic, minmay_close_crescents
D:4:      layout_basic, gup_sewer_entry_glass, minmay_goblin_kobold_house,
          uniq_natasha
D:5:      layout_cave_pools, serial_shops, shop_statue,
          okawaru_ov_weapons_minmay, uniq_blork_the_orc, uniq_edmund,
          uniq_menkaure, uniq_sigmund
D:6:      layout_basic, lemuel_crystal_altar, temple_fountains, serial_bayou,
          serial_bayou_shore_b, serial_bayou_shore_a, serial_bayou_pond_e,
          serial_bayou_lagoon_b, st_stairs_14, serial_bayou_pond_a, uniq_maggie
D:7:      layout_loops_ring, minitemple, enter_bailey_2,
          nicolae_ossuary_entry_plus, serial_shops, kennysheep_little_box, shop
D:8:      layout_rooms, uniq_harold
D:9:      hangedman_screamer, layout_basic

Skill      XL: |  1  2  3  4  5  6  7  8  9 10 |
---------------+-------------------------------+-----
Fighting       | 4 5 6 7 9 10 | 10.0
Axes           | 4 5 6 7 9 10 | 10.0
Armour         | 3 4 6 7 8 9 |  9.6
Dodging        | 3 4 5 6 7 8 |  8.8
Evocations     | 2 4 5 |  5.3

Action                   |  1- 3 |  4- 6 |  7- 9 | 10-12 || total
-------------------------+-------+-------+-------+-------++-------
Melee: Hand axe          |    51 |   236 |    32 |       ||   319
       Headbutt          |     6 |    38 |    44 |    28 ||   116
       War axe           |       |       |     7 |       ||     7
       Dire flail        |       |       |   224 |   116 ||   340
       Flail             |       |       |    30 |       ||    30
Invok: Brothers in Arms  |       |       |     1 |     2 ||     3
       Berserk           |       |       |     1 |       ||     1
       Trog's Hand       |       |       |       |     1 ||     1
  Use: Scroll            |       |       |     4 |       ||     4
       Potion            |       |       |       |     1 ||     1
Armor: Animal skin       |     2 |       |       |       ||     2
       Scale mail        |    10 |    93 |     7 |       ||   110
       Plate armour      |       |       |   228 |    66 ||   294
Dodge: Dodged            |    33 |   131 |   197 |    54 ||   415
